 Dungeon Crawl Stone Soup version 0.31-b1-22-gc680215f68 (webtiles) character file.

Game seed: 17269848459364103101

74198 Sobieck the Imperceptible (level 15, -1/96 (100) HPs)
             Began as a Kobold Brigand on Jan 17, 2024.
             Was a High Priest of Wu Jian.
             Slain by an orc warlord
             ... wielding a +2 long sword of protection
              (23 damage)
             ... on level 2 of the Orcish Mines on Jan 18, 2024.
             The game lasted 00:55:10 (22189 turns).

Sobieck the Imperceptible (Kobold Brigand)         Turns: 22189, Time: 00:55:11

HP:   -1/96 (100)   AC: 15    Str: 16    XL:     15   Next: 93%
MP:   0/15          EV: 34    Int: 20    God:    Wu Jian [*****.]
Gold: 1002          SH:  6    Dex: 22    Spells: 14/14 levels left

rFire   . . .        a - +3 dagger (venom)
rCold   + . .        z - +0 buckler {reflect}
rNeg    . . .        L - +2 troll leather armour
rPois   .            d - +1 helmet
rElec   .            r - +2 cloak of the Hippogriff {Str+5}
rCorr   +            W - +2 pair of gloves {Stlth+}
SInv    +            e - +0 pair of boots
Will    +....        t - amulet of guardian spirit
Stlth   ++++         K - ring of the Nurturing Gods {rC+ EV+5 Int+6}
HPRegen 1.16/turn    J - ring "Suevur" {rCorr Str+2 Slay+6 SInv}
MPRegen 0.14/turn

%: reflection, guardian spirit
@: exhausted, in a heavenly storm, glowing, studying Staves, lightly drained
A: small, no large weapons, nightstalker 3
a: Renounce Religion, Wall Jump, Serpent's Lash, Heavenly Storm


You were on level 2 of the Orcish Mines.
You worshipped Wu Jian.
Wu Jian was extremely pleased with you.
You visited 4 branches of the dungeon, and saw 22 of its levels.
You also visited: Gauntlet.

You collected 2508 gold pieces.
You spent 1506 gold pieces at shops.

Inventory:

Hand Weapons
 a - a +3 dagger of venom (weapon)
 N - a +0 heavy rapier
Missiles
 F - 10 curare-tipped darts
 Z - a throwing net
Armour
 d - a +1 helmet (worn)
 e - a +0 pair of boots (worn)
 r - the +2 cloak of the Hippogriff (worn) {Str+5}
   (You bought it in a shop on level 2 of the Orcish Mines)

   Str+5:     It affects your strength (+5).
 z - a +0 buckler of reflection (worn)
 L - a +2 troll leather armour (worn)
 W - a +2 pair of gloves of stealth (worn)
 Y - a +0 buckler of cold resistance
Jewellery
 c - a ring of protection from cold
 n - a ring of positive energy
 t - an amulet of guardian spirit (around neck)
 x - a ring of flight
 y - a +4 ring of slaying
 A - a ring of magical power
 C - a ring of wizardry
 I - the ring "Suneal" {*Corrode rPois rF+ rC+ Stlth+}
   (You found it on level 10 of the Dungeon)

   [ring of protection from fire]

   rF+:       It protects you from fire.
   rC+:       It protects you from cold.
   rPois:     It protects you from poison *Corrode: It may corrode you when you
   take damage.
   Stlth+:    It makes you more stealthy.
 J - the ring "Suevur" (right hand) {rCorr Str+2 Slay+6 SInv}
   (You found it on level 10 of the Dungeon)

   [ring of see invisible]

   Str+2:     It affects your strength (+2).
   Slay+6:    It affects your accuracy & damage with ranged weapons and melee
   (+6).
   SInv:      It lets you see invisible.
   rCorr:     It protects you from acid and corrosion.
 K - the ring of the Nurturing Gods (left hand) {rC+ EV+5 Int+6}
   (You found it on level 10 of the Dungeon)

   [ring of evasion]

   EV+5:      It affects your evasion (+5).
   Int+6:     It affects your intelligence (+6).
   rC+:       It protects you from cold.
 M - the amulet "Nautator" {Faith rN++ rCorr Str-4}
   (You found it on level 10 of the Dungeon)

   [amulet of faith]

   Faith:     It allows you to gain divine favour quickly.
   Str-4:     It affects your strength (-4).
   rN++:      It greatly protects you from negative energy.
   rCorr:     It protects you from acid and corrosion.
Wands
 h - a wand of polymorph (11)
 j - a wand of quicksilver (6)
 B - a wand of roots (14)
 D - a wand of digging (10)
 P - a wand of mindburst (12)
Scrolls
 b - 3 scrolls of blinking
 i - 2 scrolls of poison
 o - a scroll of noise
 p - a scroll of enchant weapon
 q - 4 scrolls of immolation
 s - a scroll of vulnerability
 v - a scroll of revelation
 w - a scroll of fear
 G - a scroll of silence {!r}
 R - 2 scrolls of identify
 T - 10 scrolls of teleportation
 X - 2 scrolls of fog
Potions
 f - 3 potions of enlightenment
 g - 6 potions of ambrosia
 k - a potion of berserk rage
 l - 4 potions of lignification
 m - 4 potions of brilliance
 u - a potion of heal wounds
 E - 5 potions of mutation
 H - 5 potions of haste
 Q - 10 potions of curing
 S - 2 potions of attraction
 U - 2 potions of invisibility
 V - a potion of might
Miscellaneous
 O - a condenser vane


   Skills:
 + Level 14.1 Fighting
 - Level 18.0 Short Blades
 - Level 2.1 Throwing
 + Level 5.7 Armour
 + Level 9.4 Dodging
 + Level 21.9 Stealth
 - Level 5.0 Shields


You had 14 spell levels left.
You didn't know any spells.
Your spell library contained the following spells:

 Spells                   Type           Power      Damage    Failure   Level
 Apportation              Tloc           0%         N/A       28%         1
 Magic Dart               Conj           0%         1d3       28%         1
 Shock                    Conj/Air       0%         1d3       28%         1
 Summon Small Mammal      Summ           0%         N/A       28%         1
 Blink                    Tloc           0%         N/A       41%         2
 Call Imp                 Summ           0%         N/A       41%         2
 Cigotuvi's Dreadful Rot  Necr/Alch/Air  0%         N/A       41%         2
 Jinxbite                 Hex            0%         N/A       41%         2
 Lesser Beckoning         Tloc           0%         N/A       41%         2
 Call Canine Familiar     Summ           0%         N/A       65%         3
 Gell's Gravitas          Tloc           0%         N/A       65%         3
 Inner Flame              Hex/Fire       0%         N/A       65%         3
 Swiftness                Air            0%         N/A       65%         3
 Teleport Other           Tloc           0%         N/A       65%         3
 Volatile Blastmotes      Fire/Tloc      0%         2d10      65%         3
 Airstrike                Air            0%         2d(0-16)  96%         4
 Anguish                  Hex/Necr       0%         N/A       96%         4
 Cause Fear               Hex            0%         N/A       96%         4
 Dispel Undead            Necr           0%         3d6       96%         4
 Iskenderun's Mystic Bla  Conj/Tloc      0%         2d3       96%         4
 Martyr's Knell           Necr/Summ      0%         N/A       96%         4
 Passage of Golubria      Tloc           0%         N/A       96%         4
 Summon Blazeheart Golem  Fire/Summ      0%         N/A       96%         4
 Alistair's Intoxication  Alch           0%         N/A       100%        5
 Irradiate                Conj/Alch      0%         3d11      100%        5
 Metabolic Englaciation   Hex/Ice        0%         N/A       100%        5
 Death Channel            Necr           0%         N/A       100%        6
 Enfeeble                 Hex            0%         N/A       100%        7
 Haunt                    Necr/Summ      0%         N/A       100%        7
 Borgnjor's Revivificati  Necr           0%         N/A       100%        8
 Ignition                 Fire           0%         3d3       100%        8
 Death's Door             Necr           0%         N/A       100%        9


Dungeon Overview and Level Annotations

Branches:
Dungeon (14/15)            Temple (1/1) D:5            Lair (5/5) D:11
  Swamp (0/4) Lair:3       Spider (0/4) Lair:3        Slime (0/5) Lair:5
    Orc (2/2) D:12            Elf (0/3) Orc:2        Vaults (0/5) D:13
Gauntlet (visited)

Altars:
Ashenzari
Cheibriados
Dithmenos
Elyvilon
Fedhas
Gozag
Hepliaklqana
Kikubaaqudgha
Makhleb
Nemelex Xobeh
Okawaru
Qazlal
Ru
Sif Muna
Trog
Uskayaw
Vehumet
Wu Jian
Xom
Yredelemnul
Zin
The Shining One
Jiyva

Shops:
D:1 !   D:4 [   D:9 :   D:12 *[=   Orc:2 !![[**


Innate Abilities, Weirdness & Mutations

You are small and have problems with some larger weapons.
You are completely attuned to the shadows.


Message History

You feel much better.
Danger!
Unknown command.
You feel much better.
Unknown command.
You spin and attack the orc warlord repeatedly.
You hit the orc warlord but do no damage.
The orc warlord looks as sick as possible!
The orc warlord is lightly wounded.
You hit the orc warlord but do no damage.
The orc warlord is lightly wounded.
The orc warlord hits you with a +2 long sword of protection!!
* * * LOW HITPOINT WARNING * * *
You spin and attack the ogre repeatedly.
You puncture the ogre!
The ogre is moderately wounded.
You hit the ogre.
The ogre is moderately wounded.
The ogre barely misses you.
You spin and attack the orc warlord repeatedly.
You hit the orc warlord but do no damage.
The orc warlord looks as sick as possible!
The orc warlord is moderately wounded.
You hit the orc warlord but do no damage.
The orc warlord is moderately wounded.
The orc warlord misses you.
You barely miss the ogre.
The ogre is moderately wounded.
You lunge at the orc sorcerer, in a flurry of attacks.
You puncture the orc sorcerer!
The orc sorcerer is poisoned.
The orc sorcerer is heavily wounded.
You hit the orc sorcerer.
The orc sorcerer is heavily wounded.
You spin and attack the orc warlord repeatedly.
You hit the orc warlord.
The orc warlord is moderately wounded.
You hit the orc warlord but do no damage.
The orc warlord looks as sick as possible!
The orc warlord is moderately wounded.
You spin and attack the ogre repeatedly.
You hit the ogre.
The ogre is poisoned.
The ogre is heavily wounded.
You barely miss the ogre.
The ogre is heavily wounded.
The orc sorcerer no longer looks unusually strong.
You block the ogre's attack.
The orc sorcerer gestures at you while chanting.
The bolt of fire misses you.
The orc warlord hits you with a +2 long sword of protection!!
You die...

*,,,*...#* #.....##
,,,,,....* #∩...).#
,,,,,....# #...#..#
,*.#,#...###########.##
,*.........)'...#.....#
*,...###..#.#○°○#☼§...#
#...#.....####☼○#○○#..#
#..#.......#*#○o○°§#..#
.......#....##○O@§☼#..#
.......#.....###o######
.∩...#.#.....* #§#
.∩.....#....,**#o#******
....##.##,,,**#ooh#*,,∩**
#.#..#..#,,,*#.ooho.,,,,*
..#..#..#,,,*#..ooo..,,_*
.∩#.#..#*,,,,#..o....,,,*
.∩#....#,,,,,**,,,**,,∩**


You could see an orc warlord (strong, extremely poisoned), an orc sorcerer (very
poisoned) and an ogre (very poisoned).

Vanquished Creatures
  Frances (D:12)
  An orc warlord (Orc:2)
  An ironbound preserver (D:13)
  Fannar (Lair:2)
  6 hydras
  3 centaur warriors
  2 tengu warriors
  5 catoblepae
  2 boulder beetles
  3 two-headed ogres
  6 death yaks
  Urug (D:13)
  Nergalle (D:12)
  A skyshark (Lair:4)
  A glowing orange brain (D:13)
  An arcanist (D:13)
  A bog body (Lair:3)
  An orc knight (Orc:2)
  3 ugly things
  3 orc sorcerers (Orc:2)
  A deep elf pyromancer (D:13)
  5 manticores
  3 cyclopes
  4 black mambas
  8 elephants
  Maurice (D:9)
  2 torpor snails (Lair:4)
  4 kobold blastminers
  8 cane toads
  A kobold demonologist (D:13)
  Jeremiah (D:8)
  11 komodo dragons
  An unseen horror (D:13)
  2 rime drakes
  2 freezing wraiths
  Psyche (D:12)
  A tengu conjurer (D:13)
  2 burning bushes (Lair:3)
  8 trolls
  A polar bear (Lair:4)
  A hornet (D:7)
  Prince Ribbit (D:6)
  8 saltlings (Orc:2)
  13 blink frogs
  Sigmund (D:2)
  3 dream sheep (Lair:4)
  6 slime creatures (D:12)
  A water elemental (D:12)
  2 shadows
  A vampire (D:12)
  4 basilisks
  A wraith (D:13)
  66 yaks
  4 wyverns
  A warg (Orc:1)
  2 steam dragons
  10 vampire mosquitoes
  3 redbacks (Lair:3)
  2 acid dragons
  14 water moccasins
  2 ice beasts
  13 orc warriors
  2 black bears
  9 centaurs
  16 wolves
  9 ogres
  5 kobold brigands
  3 gnoll sergeants
  12 bullfrogs
  8 scorpions
  12 wights
  11 killer bees
  An electric eel (D:12)
  10 howler monkeys
  A bombardier beetle (D:5)
  3 hounds
  8 orc priests
  20 orc wizards
  4 sleepcaps
  Natasha (thrice) (D:3)
  2 iguanas
  4 adders
  13 gnolls
  A shadow imp (D:6)
  3 white imps
  4 ribbon worms
  56 orcs
  5 ball pythons
  9 endoplasms
  2 giant cockroaches
  12 goblins
  7 hobgoblins
  6 jackals
  26 kobolds
  2 quokkas
  8 bats
  4 frilled lizards
  6 rats
  2 butterflies (Lair:2)
579 creatures vanquished.

Notes
Turn   | Place    | Note
-------+----------+-------------------------------------------
     0 | D:1      | Sobieck the Kobold Brigand began the quest for the Orb.
     0 | D:1      | Reached XP level 1. HP: 12/12 MP: 1/1
    81 | D:1      | Reached skill level 3 in Short Blades
    92 | D:1      | Reached XP level 2. HP: 16/17 MP: 2/2
   135 | D:1      | Found a faded altar of an unknown god.
   326 | D:1      | Found Veetzaf's Distillery.
   335 | D:1      | Reached skill level 6 in Stealth
   335 | D:1      | Reached XP level 3. HP: 21/21 MP: 3/3
   360 | D:1      | Bought a potion of curing for 30 gold pieces
   701 | D:2      | Noticed Sigmund
   705 | D:2      | Killed Sigmund
   706 | D:2      | Reached skill level 7 in Stealth
   706 | D:2      | Reached XP level 4. HP: 26/26 MP: 4/4
   706 | D:2      | Reached XP level 5. HP: 30/30 MP: 5/5
   706 | D:2      | Reached XP level 6. HP: 35/35 MP: 6/6
   923 | D:2      | Found a glowing golden altar of the Shining One.
  1542 | D:3      | Identified the +5 chain mail "Forget-Me-Not" {Regen+ Int+6
                  | Slay-3}
  1591 | D:3      | Reached skill level 6 in Short Blades
  1591 | D:3      | Reached skill level 8 in Stealth
  1666 | D:3      | Noticed Natasha
  1675 | D:3      | Killed Natasha
  1722 | D:3      | Noticed Natasha
  1729 | D:3      | Killed Natasha
  1877 | D:3      | Found a burning altar of Makhleb.
  2029 | D:3      | Noticed Natasha
  2036 | D:3      | Killed Natasha
  2122 | D:3      | Reached XP level 7. HP: 40/40 MP: 7/7
  2363 | D:4      | Found Ripuchan's Armour Emporium.
  2369 | D:4      | Bought a +0 pair of boots for 49 gold pieces
  2455 | D:4      | Found a glowing silver altar of Zin.
  2456 | D:4      | Found an opulent altar of Gozag.
  2623 | D:4      | Reached skill level 9 in Stealth
  3270 | D:5      | Entered Level 5 of the Dungeon
  3452 | D:5      | Reached XP level 8. HP: 27/44 MP: 8/8
  3629 | D:5      | Reached skill level 10 in Stealth
  4397 | D:5      | Found a staircase to the Ecumenical Temple.
  4403 | Temple   | Entered the Ecumenical Temple
  4408 | Temple   | Became a worshipper of the Wu Jian Council
  4559 | D:5      | Reached skill level 9 in Short Blades
  4718 | D:6      | Reached skill level 11 in Stealth
  4823 | D:6      | Reached skill level 3 in Fighting
  4823 | D:6      | Reached XP level 9. HP: 51/51 MP: 9/9
  5064 | D:6      | Noticed Prince Ribbit
  5068 | D:6      | Killed Prince Ribbit
  5069 | D:6      | Reached skill level 12 in Stealth
  5100 | D:6      | Reached * piety under Wu Jian
  5470 | D:7      | Noticed a boulder beetle
  5472 | D:7      | Killed a boulder beetle
  5473 | D:7      | Reached skill level 6 in Fighting
  5473 | D:7      | Reached skill level 13 in Stealth
  5478 | D:7      | Reached XP level 10. HP: 61/61 MP: 10/10
  5677 | D:7      | Reached skill level 14 in Stealth
  6102 | D:7      | Reached skill level 15 in Stealth
  6762 | D:7      | Reached ** piety under Wu Jian
  6839 | D:8      | Reached skill level 3 in Dodging
  6910 | D:8      | Found a blossoming altar of Fedhas.
  7305 | D:8      | Noticed Jeremiah
  7318 | D:8      | Killed Jeremiah
  8354 | D:9      | Reached XP level 11. HP: 36/65 MP: 4/11
  8458 | D:9      | Found Olufia's Book Emporium.
  8586 | D:9      | Found a shimmering blue altar of Sif Muna.
  8780 | D:9      | Reached skill level 16 in Stealth
  9104 | D:9      | Found a radiant altar of Vehumet.
  9165 | D:9      | Noticed Maurice
  9167 | D:9      | Found a basalt altar of Yredelemnul.
  9169 | D:9      | Maurice stole a ring of wizardry
  9170 | D:9      | Maurice stole a +0 buckler
  9172 | D:9      | Killed Maurice
  9460 | D:9      | Reached skill level 9 in Fighting
  9467 | D:9      | Reached skill level 12 in Short Blades
  9480 | D:9      | Found a hide-covered altar of Uskayaw.
  9483 | D:9      | Found an ancient bone altar of Kikubaaqudgha.
  9485 | D:9      | Found a sparkling altar of Nemelex Xobeh.
  9485 | D:9      | Reached *** piety under Wu Jian
  9487 | D:9      | Found a bloodstained altar of Trog.
  9487 | D:9      | Found a shadowy altar of Dithmenos.
  9575 | D:10     | Entered Level 10 of the Dungeon
 10113 | D:10     | Noticed a five-headed hydra
 10552 | D:10     | Reached skill level 17 in Stealth
 10616 | D:10     | Noticed a cyclops
 10617 | D:10     | Noticed a skeletal warrior
 10618 | D:10     | Killed a cyclops
 10620 | D:10     | Identified the ring "Suneal" {*Corrode rPois rF+ rC+
                  | Stlth+}
 10620 | D:10     | Noticed a centaur warrior
 10621 | D:10     | Killed a centaur warrior
 11155 | D:10     | Identified the ring "Suevur" {rCorr Str+2 Slay+6 SInv}
 11157 | D:10     | Noticed a centaur warrior
 11158 | D:10     | Noticed a cyan ugly thing
 11159 | D:10     | Killed a centaur warrior
 11160 | D:10     | Reached XP level 12. HP: 77/77 MP: 12/12
 11175 | D:10     | Identified the ring of the Nurturing Gods {rC+ EV+5 Int+6}
 11175 | D:10     | Noticed a tengu warrior
 11176 | D:10     | Killed a tengu warrior
 11182 | D:10     | Identified the amulet "Nautator" {Faith rN++ rCorr Str-4}
 11387 | D:11     | Found a staircase to the Lair.
 11394 | D:11     | Reached skill level 18 in Stealth
 11489 | D:11     | Noticed a two-headed ogre
 11714 | D:11     | Killed a two-headed ogre
 11728 | D:11     | Reached **** piety under Wu Jian
 12280 | D:12     | Noticed Nergalle
 12283 | D:12     | Killed Nergalle
 12287 | D:12     | Noticed Psyche
 12290 | D:12     | Killed Psyche
 12308 | D:12     | Got Miam's Quarto of Relocated Execration
 12408 | D:12     | Noticed a two-headed ogre
 12411 | D:12     | Killed a two-headed ogre
 12412 | D:12     | Reached XP level 13. HP: 85/85 MP: 13/13
 12420 | D:12     | Noticed Frances
 12426 | D:12     | Killed Frances
 12427 | D:12     | Reached skill level 12 in Fighting
 12427 | D:12     | Reached skill level 19 in Stealth
 12438 | D:12     | Reached skill level 15 in Short Blades
 12513 | D:12     | Found a staircase to the Orcish Mines.
 13030 | D:12     | Reached ***** piety under Wu Jian
 13229 | D:12     | Found Larhuw's Assorted Antiques.
 13372 | D:12     | Found Jecsoch's Antique Armour Emporium.
 13376 | D:12     | Bought an embroidered cloak for 285 gold pieces
 13376 | D:12     | Bought a pair of runed gloves for 285 gold pieces
 13400 | D:12     | Reached skill level 20 in Stealth
 13462 | D:12     | Found Zecreadgha's Jewellery Emporium.
 13944 | D:13     | Noticed a five-headed hydra
 13945 | D:13     | Killed a five-headed hydra
 13947 | D:13     | Noticed a catoblepas
 13951 | D:13     | Killed a catoblepas
 13966 | D:13     | Noticed a centaur warrior
 13968 | D:13     | Killed a centaur warrior
 14239 | D:13     | Noticed Urug
 14242 | D:13     | Killed Urug
 14263 | D:13     | Noticed an ironbound preserver
 14265 | D:13     | Found a gate to the Vaults.
 14266 | D:13     | Killed an ironbound preserver
 14290 | D:13     | Reached skill level 18 in Short Blades
 14290 | D:13     | Upgraded the game from 0.31-b1-20-g67cafac56d to
                  | 0.31-b1-22-gc680215f68
 14473 | D:13     | Reached XP level 14. HP: 92/92 MP: 14/14
 15002 | Lair:1   | Entered Level 1 of the Lair of Beasts
 15026 | Lair:1   | Reached skill level 1 in Armour
 15181 | Lair:1   | Reached skill level 1 in Shields
 15437 | Lair:1   | Reached skill level 3 in Shields
 16813 | Lair:2   | Noticed Fannar
 16822 | Lair:2   | Killed Fannar
 17180 | Lair:3   | Reached skill level 6 in Dodging
 17202 | Lair:3   | Reached skill level 3 in Armour
 17357 | Lair:3   | Reached ****** piety under Wu Jian
 17380 | Lair:3   | Found a hole to the Spider Nest.
 17395 | Lair:3   | Found a gate leading to a gauntlet.
 17401 | Gauntlet | Entered a Gauntlet
 17401 | Gauntlet | Found a transporter.
 17415 | Gauntlet | Found a transporter.
 17427 | Gauntlet | Found a transporter.
 17439 | Gauntlet | Found a transporter.
 17451 | Gauntlet | Found a transporter.
 17466 | Gauntlet | Found a transporter.
 17486 | Gauntlet | Found a transporter.
 17486 | Gauntlet | Found a transporter.
 17532 | Gauntlet | Found a transporter.
 17532 | Gauntlet | Found a transporter.
 17796 | Lair:3   | Found a staircase to the Swamp.
 17800 | Lair:3   | Reached XP level 15. HP: 97/97 MP: 15/15
 18523 | Lair:4   | Reached skill level 21 in Stealth
 19444 | Lair:5   | Entered Level 5 of the Lair of Beasts
 19705 | Lair:5   | Found a staircase to the Slime Pits.
 19706 | Lair:5   | Found a viscous altar of Jiyva.
 20637 | Orc:1    | Entered Level 1 of the Orcish Mines
 20808 | Orc:1    | You fall into a shaft and drop 1 floor!
 20808 | Orc:2    | Entered Level 2 of the Orcish Mines
 20808 | Orc:2    | Found Bajicem's Assorted Antiques.
 20837 | Orc:2    | Bought a golden potion for 32 gold pieces
 21053 | Orc:2    | Found a staircase to the Elven Halls.
 21056 | Orc:2    | Found Sidod's Distillery.
 21163 | Orc:1    | Reached skill level 9 in Dodging
 21483 | Orc:2    | Found Wegraton's Antique Armour Shop.
 21488 | Orc:2    | Bought a polished cloak for 285 gold pieces
 21488 | Orc:2    | Identified the +2 cloak of the Hippogriff {Str+5} (You
                  | bought it in a shop on level 2 of the Orcish Mines)
 21488 | Orc:2    | Bought a glowing troll leather armour for 540 gold pieces
 21565 | Orc:2    | Found Waanea's Antique Armour Shop.
 21806 | Orc:2    | Noticed an orc warlord
 21847 | Orc:2    | Killed an orc warlord
 21943 | Orc:2    | Found Esujeheb's Distillery.
 22103 | Orc:2    | Found Mixath's Assorted Antiques.
 22174 | Orc:2    | Noticed an orc warlord
 22189 | Orc:2    | Slain by an orc warlord

Illustrated notes

Levels and vault maps discovered:
D:1:      amcnicky_arrival_double_pillar, layout_rooms, serial_shops,
          nicolae_shop_trees, dreamdust_ecumenical_altar_grove
D:2:      layout_basic, serial_aquarium, aquarium_bridge_square
          [aquarium_subvault_wall, aquarium_subvault_bridge,
          aquarium_subvault_bridge, aquarium_subvault_wall],
          aquarium_bridge_square [aquarium_subvault_window,
          aquarium_subvault_window, aquarium_subvault_bridge,
          aquarium_subvault_bridge], aquarium_window_2, aquarium_window_2,
          aquarium_window_fake, aquarium_window_1, aquarium_view_4,
          aquarium_view_2e, basic_altar, uniq_sigmund
D:3:      layout_rooms, mainiacjoe_overflow_24_doors, uniq_natasha
D:4:      layout_basic, grunt_temple_overflow_gold_and_silver, serial_shops,
          shop, corexii_shack, kennysheep_small_circle
D:5:      layout_layer_cave, minmay_temple_entry_sparse_star,
          blue_anna_alchemist, item_on_display_a
D:6:      black_bear_nest_2, layout_basic, serial_glass, glass_columns_a,
          glass_columns_b, nicolae_zig_zag_zippers, uniq_prince_ribbit1
D:7:      layout_basic, lightli_bailey_entry_fortress, minmay_manual_mess
D:8:      layout_basic, mainiacjoe_overflow_cross_hatched, uniq_jeremiah
D:9:      layout_loops_ring, tgw_sif, minitemple,
          mainiacjoe_overflow_divided_tiny, serial_shops, shop,
          serial_park_tiny_1, uniq_maurice
D:10:     minmay_the_grid_triangle_9x9_recursive_2
          [minmay_the_grid_triangle_9x9_prize_special,
          minmay_the_grid_triangle_9x9_from_above,
          minmay_the_grid_triangle_9x9_windchime,
          minmay_the_grid_triangle_9x9_longest], layout_basic
D:11:     layout_rooms, david_lair_generic
D:12:     layout_basic, erik_orc_2, serial_shops, nicolae_shop_back_alley_shop,
          shop, shop, chequers_arboretum, uniq_nergalle, uniq_frances,
          uniq_psyche
D:13:     layout_loops_ring, hellmonk_vaults_order_and_chaos, uniq_urug
D:14:     layout_small_grid, nicolae_concentric_dashed_squares_mild
Temple:   compressed_dpeg_circular_temple
Lair:1:   layout_cave_pods, grunt_megastairs_3
Lair:2:   layout_roguey, minmay_shattered_shrine, grunt_megastairs_5,
          lemuel_fruit_fields, uniq_fannar
Lair:3:   layout_chaotic_city, skrybe_swamp_entry_bodies,
          spider_nest_entry_webs, gauntlet_entry_generic, evilmike_ambush
          [evilmike_ambush_outer_doors, evilmike_ambush_inner_basic]
Lair:4:   layout_cave_pods, beast_lair_carwin_2, grunt_megastairs_1,
          serial_bayou_shore_b
Lair:5:   evilmike_catoblepas_cave, layout_cave_pods, slime_entry_1,
          st_stairs_8, infiniplex_staircase_pool_2, lemuel_fruit_tree
Orc:1:    layout_caves, basic_altar, minmay_orc_temple_a
Orc:2:    hellmonk_orc_salted, layout_caves, serial_shops, shop_coins,
          shop_fountains, shop, shop, nicolae_diamond_shop

Skill      XL: |  1  2  3  4  5  6  7  8  9 10 11 12 13 14 15 |
---------------+----------------------------------------------+-----
Short Blades   | 3 5 6 8 10 11 13 14 18 | 18.0
Stealth        | 6 7 8 9 11 13 15 17 18 20 21 | 21.9
Fighting       | 3 6 8 10 11 12 14 | 14.1
Dodging        | 4 6 9 |  9.4
Armour         | 3 5 |  5.7
Shields        | 5 |  5.0
Throwing       | |  2.1

Action                     |  1- 3 |  4- 6 |  7- 9 | 10-12 | 13-15 || total
---------------------------+-------+-------+-------+-------+-------++-------
  Melee: Dagger            |    58 |    76 |   119 |   543 |  1296 ||  2092
         Punch             |       |       |     1 |    12 |     6 ||    19
 Invoke: Serpent's Lash    |       |       |       |     1 |     1 ||     2
         Heavenly Storm    |       |       |       |       |     1 ||     1
Ability: Lunge             |       |       |    12 |    82 |   123 ||   217
         Whirlwind         |       |       |       |    97 |   315 ||   412
         Wall Jump         |       |       |       |     1 |    35 ||    36
    Use: Scroll            |       |       |     9 |     8 |    12 ||    29
         Potion            |       |       |       |     3 |     2 ||     5
   Stab: Sleeping          |    14 |    13 |    38 |    83 |   107 ||   255
         Distracted        |       |     1 |     1 |     1 |    17 ||    20
         Petrified         |       |       |       |       |     4 ||     4
         Petrifying        |       |       |       |       |     3 ||     3
 Armour: Robe              |    13 |    21 |    17 |   138 |    45 ||   234
         Troll leather arm |       |       |       |       |   184 ||   184
  Dodge: Dodged            |    28 |    22 |    36 |   242 |   421 ||   749
  Block: Buckler           |       |       |       |       |   103 ||   103
         Reflection        |       |       |       |       |     2 ||     2
